 Dungeon Crawl Stone Soup version 0.30.1 (webtiles) character file.

Game seed: 18185279128047278506

200 Peloso the Covered (level 5, 0/47 HPs)
             Began as a Minotaur Fighter on July 12, 2023.
             Slain by a gnoll
             ... wielding a +0 war axe
              (2 damage)
             ... on level 3 of the Dungeon.
             The game lasted 00:05:18 (1802 turns).

Peloso the Covered (Minotaur Fighter)               Turns: 1802, Time: 00:05:18

Health: 0/47       AC:  9    Str: 20    XL:     5   Next: 48%
Magic:  4/4        EV: 10    Int:  5    God:
Gold:   120        SH:  6    Dex: 21    Spells: 4/4 levels left

rFire   . . .        a - +0 long sword (freeze)
rCold   . . .        d - +0 buckler
rNeg    . . .        b - +0 scale mail
rPois   .            (helmet restricted)
rElec   .            l - +0 cloak
rCorr   .            e - +0 pair of fencer's gloves {Riposte Dex+3}
SInv    .            (no boots)
Will    .....        (no amulet) Stlth
                     f - +6 ring of dexterity
HPRegen 0.27/turn    (no ring)
MPRegen 0.09/turn

%: no passive effects
@: no status effects
A: horns 2, retaliatory headbutt
a: no special abilities


You were on level 3 of the Dungeon.
You visited 1 branch of the dungeon, and saw 3 of its levels.

You collected 120 gold pieces.

Inventory:

Hand Weapons
 a - a +0 long sword of freezing (weapon)
Armour
 b - a +0 scale mail (worn)
 c - a +0 pair of gloves
 d - a +0 buckler (worn)
 e - the +0 pair of fencer's gloves (worn) {Riposte Dex+3}
   (You acquired it on level 2 of the Dungeon)

   Riposte:   It allows the wearer to riposte with melee weapons, swiftly
   retaliating against missed or blocked melee attacks.
   Dex:       It affects your dexterity (+3).
 l - a +0 cloak (worn)
Jewellery
 f - a +6 ring of dexterity (left hand)
 h - an amulet of faith
 i - a ring of wizardry
Wands
 k - a wand of mindburst (13)
Scrolls
 g - a scroll of noise
 j - 3 scrolls of identify
 m - a scroll of blinking
 o - a scroll of magic mapping
Potions
 n - 3 potions of might


   Skills:
 + Level 4.5 Fighting
 + Level 4.6 Long Blades
 + Level 5.0 Armour
 + Level 1.2 Dodging
 + Level 4.2 Shields


You had 4 spell levels left.
You didn't know any spells.
Your spell library contained the following spells:

 Spells                   Type           Power      Damage    Failure   Level
 Cigotuvi's Dreadful Rot  Necr/Pois/Air  0%         N/A       95%         2
 Dispel Undead            Necr           0%         3d6       100%        4
 Death Channel            Necr           0%         N/A       100%        6


Dungeon Overview and Level Annotations

Branches:
Dungeon (3/15)

Altars:

Shops:
D:2 [


Innate Abilities, Weirdness & Mutations

You have a pair of horns on your head.
You reflexively headbutt those who attack you in melee.


Message History

You kill the gnoll!
A gnoll comes into view. It is wielding a +0 war axe.
A goblin comes into view. It is wielding a +0 club.
Things that are here:
a +0 club; a +0 leather armour The gnoll closely misses you.
You block the gnoll's attack.
You hit the gnoll. You freeze the gnoll.
The gnoll is heavily wounded.
The gnoll barely misses you. You furiously retaliate!
You headbutt the gnoll.
You riposte.
You hit the gnoll. You freeze the gnoll.
You kill the gnoll!
The gnoll drinks a potion.
The gnoll flickers and vanishes!
Deactivating autopickup; reactivate with Ctrl-A.
Things that are here:
a +0 halberd; a gnoll corpse Something hits you!
The goblin hits you but does no damage.
You closely miss the goblin. You headbutt the goblin.
The goblin is moderately wounded.
The goblin hits you but does no damage. Something hits you.
You slash the goblin! You freeze the goblin.
You kill the goblin!
Something hits you! You block something's attack.
Things that are here:
a +0 club; a goblin corpse Something hits you but does no damage.
You barely miss something. Something hits you.
You closely miss something. Your headbutt misses something. Something hits you!
You miss something. You headbutt something. Something hits you.
You closely miss something. Something hits you.
* * * LOW HITPOINT WARNING * * *
Something hits you but does no damage.
You hit something. You freeze something. Your headbutt misses something.
Something hits you!
* * * LOW HITPOINT WARNING * * *
You completely miss something. Something hits you.
* * * LOW HITPOINT WARNING * * *
You closely miss something. Something hits you.
You die...

. ......... #.
.......# #. #.....#
#..#.....#
.###..#.....#
............#
####.##.#.#####
.......)).....#
.####..@......##
#....))....###
#.............
#..........###
#.........$#
#..........#
#.....†....#
#..........#########
######......).......


There were no monsters in sight!

Vanquished Creatures
  A scorpion (D:3)
  Terence (D:2)
  2 gnolls (D:3)
  3 adders
  3 orcs (D:3)
  4 endoplasms
  A giant cockroach (D:2)
  13 goblins
  5 hobgoblins
  8 jackals (D:1)
  5 kobolds
  3 quokkas
  7 ball pythons
  2 bats (D:2)
  A frilled lizard (D:2)
  6 rats
65 creatures vanquished.

Notes
Turn   | Place    | Note
-------+----------+-------------------------------------------
     0 | D:1      | Peloso the Minotaur Fighter began the quest for the Orb.
     0 | D:1      | Reached XP level 1. HP: 19/19 MP: 0/0
   267 | D:1      | Reached XP level 2. HP: 27/27 MP: 1/1
   291 | D:1      | Reached skill level 4 in Armour
   335 | D:1      | Found a faded altar of an unknown god.
   747 | D:2      | Reached XP level 3. HP: 33/33 MP: 2/2
   832 | D:2      | Found Meadotz's Armour Emporium.
   890 | D:2      | Noticed Terence
   897 | D:2      | Killed Terence
  1028 | D:2      | Reached XP level 4. HP: 37/41 MP: 3/3
  1160 | D:2      | Reached skill level 1 in Dodging
  1261 | D:2      | Identified a scroll of acquirement
  1261 | D:2      | Acquired the +0 pair of fencer's gloves {Riposte Dex+3}
  1261 | D:2      | Found the +0 pair of fencer's gloves {Riposte Dex+3}
  1643 | D:3      | Noticed a scorpion
  1657 | D:3      | Killed a scorpion
  1658 | D:3      | Reached skill level 5 in Armour
  1658 | D:3      | Reached XP level 5. HP: 47/47 MP: 4/4
  1801 | D:3      | HP: 2/47 [something (4)]
  1802 | D:3      | Slain by a gnoll

Illustrated notes

Levels and vault maps discovered:
D:1:      dpeg_arrival_lava_temple_mockup, layout_loops_cross,
          dreamdust_ecumenical_altar_grove, wad_floor_pattern_untrapped,
          minmay_misc_feat_five
D:2:      layout_basic, serial_shops, shop, grunt_decor_resistance, uniq_terence
D:3:      layout_loops_ring, marbit_many_paths, fedhas_altar_4, grunt_decor_cap,
          uniq_crazy_yiuf_cottage

Skill      XL: |  1  2  3  4 |
---------------+-------------+-----
Fighting       | 4 |  4.5
Armour         | 4 5 |  5.0
Long Blades    | 3 4 |  4.6
Shields        | 4 |  4.2
Dodging        | 1 |  1.2

Action                     |  1- 3 |  4- 6 || total
---------------------------+-------+-------++-------
  Melee: Long sword        |    82 |    61 ||   143
         Headbutt          |     9 |     9 ||    18
    Use: Potion            |     2 |       ||     2
         Scroll            |       |     6 ||     6
 Armour: Scale mail        |    40 |    26 ||    66
  Dodge: Dodged            |    47 |    29 ||    76
  Block: Buckler           |    18 |    10 ||    28
Riposte: Long sword        |       |     5 ||     5
